 Dungeon Crawl Stone Soup version 0.31.0-12-g77e489cdc1 (webtiles) character file.

Game seed: 1414619281307283801

98 Drogue the Cudgeller (level 4, -1/41 HPs)
             Began as a Gnoll Cinder Acolyte on Feb 28, 2024.
             Was a High Priest of Ignis.
             Slain by Natasha (5 damage)
             ... on level 2 of the Dungeon.
             The game lasted 00:06:26 (1403 turns).

Drogue the Cudgeller (Gnoll Cinder Acolyte)         Turns: 1403, Time: 00:06:27

Health: -1/41      AC:  3    Str: 14    XL:     4   Next: 71%
Magic:  2/8        EV: 16    Int: 15    God:    Ignis [*****.]
Gold:   95         SH:  0    Dex:  7    Spells: 7/9 levels left

rFire   + . .        a - -1 mace (flame)
rCold   + . .        (no shield)
rNeg    . . .        i - +1 robe {rC+}
rPois   .            (no helmet)
rElec   .            (no cloak)
rCorr   .            (no gloves)
SInv    .            (no boots)
Will    .....        (no amulet)
Stlth   +            e - +5 ring of evasion
HPRegen 0.26/turn    (no ring)
MPRegen 0.11/turn

%: no passive effects
@: slowed, very slow
A: fangs 1, strong nose, distributed training
a: Renounce Religion, Fiery Armour, Foxfire Swarm, Rising Flame


You were on level 2 of the Dungeon.
You worshipped Ignis.
Ignis was extremely pleased with you.
You visited 1 branch of the dungeon, and saw 2 of its levels.

You collected 95 gold pieces.

Inventory:

Hand Weapons
 a - a -1 mace of flaming (weapon)
Armour
 b - a +0 robe
 i - a +1 robe of cold resistance (worn)
Jewellery
 e - a +5 ring of evasion (left hand)
 k - an amulet of guardian spirit
Scrolls
 c - 3 scrolls of identify {unknown}
 f - a scroll of summoning {unknown}
 g - a scroll of amnesia {unknown}
 h - a scroll of fear {unknown}
 j - a scroll of teleportation {unknown}


   Skills:
 + Level 6.6 Fighting
 + Level 1.2 Short Blades
 + Level 1.2 Long Blades
 + Level 1.2 Axes
 + Level 6.6 Maces & Flails
 + Level 1.2 Polearms
 + Level 1.2 Staves
 + Level 1.2 Ranged Weapons
 + Level 1.2 Throwing
 + Level 1.2 Armour
 + Level 1.2 Dodging
 + Level 1.2 Stealth
 + Level 1.2 Shields
 + Level 1.2 Unarmed Combat
 + Level 3.0 Spellcasting
 + Level 1.0 Conjurations
 + Level 1.0 Hexes
 + Level 1.0 Summonings
 + Level 1.0 Necromancy
 + Level 1.0 Translocations
 + Level 5.5 Fire Magic
 + Level 1.0 Ice Magic
 + Level 1.0 Air Magic
 + Level 1.0 Earth Magic
 + Level 1.0 Alchemy
 + Level 1.4 Invocations
 + Level 1.2 Evocations
 + Level 1.1 Shapeshifting


You had 7 spell levels left.
You knew the following spells:

 Your Spells              Type           Power      Damage    Failure   Level
a - Scorch                Fire           36%        2d6       3%          2

Your spell library contained the following spells:

 Spells                   Type           Power      Damage    Failure   Level


Dungeon Overview and Level Annotations

Branches:
Dungeon (2/15)

Altars:

Annotations:
D:2 Natasha


Innate Abilities, Weirdness & Mutations

You have very sharp teeth.
Your uncanny sense of smell can sniff out nearby items.
Your experience applies equally to all skills.


Message History

Natasha completely misses you. Natasha attacks as she pursues you!
Natasha closely misses you.
The cerulean imp hits you from afar with a +2 spear.
* * * LOW HITPOINT WARNING * * *
Natasha closely misses you.
Natasha hisses.
The cerulean imp closely misses you.
Natasha stares at you and mumbles some strange words.
The magic dart hits you.
* * * LOW HITPOINT WARNING * * *
The cerulean imp hits you but does no damage.
The cerulean imp misses you. Natasha barely misses you.
The cerulean imp hits you but does no damage.
Natasha attacks as she pursues you! Natasha barely misses you.
Natasha claws you.
* * * LOW HITPOINT WARNING * * *
You feel better.
The cerulean imp disappears in a puff of smoke!
The cerulean imp barely misses you. Natasha barely misses you.
Casting: Scorch (safe; 3% risk of failure)
Confirm with . or Enter, or press ? or * to list all spells.
Flames lash the cerulean imp.
The cerulean imp is almost dead.
The cerulean imp's fire resistance burns away.
The cerulean imp hits you from afar with a +1 spear.
* * * LOW HITPOINT WARNING * * *
Natasha casts a spell at you. You resist with some effort.
The cerulean imp hits you but does no damage.
Natasha claws you.
* * * LOW HITPOINT WARNING * * *
You hit Natasha but do no damage.
Natasha is moderately wounded.
The cerulean imp disappears in a puff of smoke! x2
Natasha misses you.
You closely miss Natasha.
Natasha is moderately wounded.
Natasha barely misses you. Natasha claws you.
You die...
Natasha curls up and begins to purr.

... ### ... ..## ..#
..##.# #.... ∆ # ####..#
. #.#.....#### ..
#.#.....§h.######...
#.....####@.$.......
##...### #.......### (.
##....# #...÷.)...# ...#
##..#5#####..##.#.. ...#
#....5....##.##.# . #...
#.........##..#.# ..
##.#. #...............#..
.....
##.##...........#.###.#.#
#.#...÷#.......#.##..#.#


You could see Natasha.

Vanquished Creatures
  Terence (D:2)
  An adder (D:2)
  A ribbon worm (D:2)
  3 dart slugs
  2 ball pythons
  2 endoplasms
  5 giant cockroaches
  6 goblins
  4 hobgoblins
  5 kobolds
  5 quokkas
  5 bats
  3 frilled lizards
  5 rats
48 creatures vanquished.

Notes
Turn   | Place    | Note
-------+----------+-------------------------------------------
     0 | D:1      | Drogue the Gnoll Cinder Acolyte began the quest for the
                  | Orb.
     0 | D:1      | Reached XP level 1. HP: 23/23 MP: 4/4
   134 | D:1      | Reached XP level 2. HP: 24/29 MP: 5/5
   245 | D:1      | Learned a level 2 spell: Scorch
   370 | D:1      | Reached XP level 3. HP: 30/35 MP: 2/7
   892 | D:2      | Reached skill level 1 in Invocations
   921 | D:2      | Noticed Terence
   936 | D:2      | Killed Terence
   937 | D:2      | Reached skill level 1 in Short Blades
   937 | D:2      | Reached skill level 1 in Long Blades
   937 | D:2      | Reached skill level 1 in Axes
   937 | D:2      | Reached skill level 1 in Polearms
   937 | D:2      | Reached skill level 1 in Staves
   937 | D:2      | Reached skill level 1 in Ranged Weapons
   937 | D:2      | Reached skill level 1 in Throwing
   937 | D:2      | Reached skill level 1 in Armour
   937 | D:2      | Reached skill level 1 in Dodging
   937 | D:2      | Reached skill level 1 in Stealth
   937 | D:2      | Reached skill level 1 in Shields
   937 | D:2      | Reached skill level 1 in Unarmed Combat
   937 | D:2      | Reached skill level 1 in Evocations
   937 | D:2      | Reached skill level 1 in Shapeshifting
   937 | D:2      | Reached XP level 4. HP: 22/41 MP: 1/8
  1099 | D:2      | Reached skill level 1 in Conjurations
  1099 | D:2      | Reached skill level 1 in Hexes
  1099 | D:2      | Reached skill level 1 in Summonings
  1099 | D:2      | Reached skill level 1 in Necromancy
  1099 | D:2      | Reached skill level 1 in Translocations
  1099 | D:2      | Reached skill level 1 in Ice Magic
  1099 | D:2      | Reached skill level 1 in Air Magic
  1099 | D:2      | Reached skill level 1 in Earth Magic
  1099 | D:2      | Reached skill level 1 in Alchemy
  1343 | D:2      | Noticed Natasha
  1396 | D:2      | HP: 1/41 [Natasha/magic dart (6)]
  1403 | D:2      | Slain by Natasha

Illustrated notes

Levels and vault maps discovered:
D:1:      heliophobic_arrival_glass_houses, layout_rooms, nicolae_eternal_life,
          minmay_pentomino_t2
D:2:      layout_rooms, uniq_natasha, uniq_crazy_yiuf_cottage, uniq_terence

Skill      XL: |  1  2  3  4 |
---------------+-------------+-----
Invocations    | 1 |  1.4
Short Blades   | 1 |  1.2
Long Blades    | 1 |  1.2
Axes           | 1 |  1.2
Polearms       | 1 |  1.2
Staves         | 1 |  1.2
Ranged Weapons | 1 |  1.2
Throwing       | 1 |  1.2
Armour         | 1 |  1.2
Dodging        | 1 |  1.2
Stealth        | 1 |  1.2
Shields        | 1 |  1.2
Unarmed Combat | 1 |  1.2
Spellcasting   | 3 |  3.0
Evocations     | 1 |  1.2
Shapeshifting  | 1 |  1.1
Conjurations   | 1 |  1.0
Hexes          | 1 |  1.0
Summonings     | 1 |  1.0
Necromancy     | 1 |  1.0
Translocations | 1 |  1.0
Ice Magic      | 1 |  1.0
Air Magic      | 1 |  1.0
Earth Magic    | 1 |  1.0
Alchemy        | 1 |  1.0
Fighting       | |  6.6
Maces & Flails | |  6.6
Fire Magic     | |  5.5

Action                     |  1- 3 |  4- 6 || total
---------------------------+-------+-------++-------
  Melee: Mace              |    54 |    42 ||    96
         Bite              |     5 |       ||     5
         Punch             |     1 |       ||     1
   Cast: Scorch            |    15 |    16 ||    31
    Use: Potion            |       |     2 ||     2
 Armour: Robe              |    38 |    51 ||    89
  Dodge: Dodged            |    48 |    70 ||   118
